Map: Tokamak LE

Players

Solar - Winner!

  • Race: Zerg Zerg
  • Spawn Location: 1:00

Zoun

  • Race: Protoss Protoss
  • Spawn Location: 7:00

Event: Esports World Cup 2025

VOD

Have the link to the VOD?

Description

Time

  • Played on: July 22, 2025, 10:12 a.m.
  • Length: 11:56

All games in this series

Show
View Real Time Build Order
Export as new Build Order

Solar Zerg - Winner!

Build Orders: Hatch First, Lurkers, Roach Hydra, Swarm Host 

Get SALT Encoding   

  12  0:00  Drone  
  13  0:08  Drone  
  14  0:14  Drone, Extractor  
  15  0:22  Overlord  
  15  0:41  Drone  
  16  0:45  Hatchery  
  16  0:48  Drone  
  16  0:52  Drone  
  16  0:56  Drone  
  18  1:07  Extractor  
  17  1:12  Spawning Pool  
  17  1:15  Drone  
  17  1:18  Drone  
  18  1:26  Drone  
  19  1:37  Drone  
  20  1:50  Drone  
  21  1:59  Zergling x2, Queen x2  
  26  2:01  Overlord  
  26  2:08  Zergling x2  
  26  2:10  Drone  
  26  2:13  Metabolic Boost  
  28  2:21  Drone x2  
  30  2:34  Queen  
  32  2:42  Hatchery  
  32  2:44  Drone  
  32  2:48  Overlord  
  32  2:51  Drone x2  
  32  2:54  Zergling x2  
  34  2:59  Drone  
  34  3:02  Drone  
  34  3:05  Drone  
  36  3:08  Drone x3  
  39  3:13  Drone x3  
  39  3:18  Overlord  
  42  3:21  Drone  
  42  3:24  Spore Crawler  
  42  3:26  Drone  
  43  3:33  Drone  
  44  3:35  Queen  
  44  3:36  Overlord  
  46  3:42  Queen  
  46  3:44  Drone  
  46  3:46  Drone  
  46  3:47  Drone  
  51  3:50  Spore Crawler  
  51  3:54  Overlord  
  51  3:55  Drone  
  50  3:57  Drone  
  50  3:59  Drone  
  50  4:00  Drone  
  53  4:03  Zergling x4  
  53  4:09  Drone, Overlord  
  56  4:11  Drone  
  56  4:13  Drone, Spore Crawler  
  56  4:16  Drone x2  
  59  4:21  Drone  
  59  4:22  Drone  
  59  4:23  Drone  
  62  4:26  Zergling x2  
  63  4:32  Lair  
  63  4:33  Zergling x4  
  63  4:34  Drone x3  
  68  4:40  Roach Warren  
  68  4:42  Drone x2  
  68  4:43  Drone  
  68  4:45  Overlord  
  70  4:46  Extractor  
  70  4:49  Drone x2  
  71  4:56  Zergling x2, Hatchery  
  71  4:57  Zergling x4  
  73  5:03  Drone  
  73  5:04  Overlord  
  73  5:05  Drone  
  73  5:06  Drone  
  75  5:07  Drone x3  
  75  5:10  Drone  
  79  5:14  Extractor x2, Queen  
  79  5:16  Drone  
  79  5:18  Overlord  
  79  5:19  Drone  
  81  5:21  Evolution Chamber  
  81  5:22  Drone  
  81  5:23  Drone x2  
  81  5:26  Drone, Extractor  
  81  5:28  Overlord  
  83  5:31  Extractor  
  83  5:34  Drone x3  
  84  5:35  Overlord  
  84  5:38  Drone  
  84  5:39  Drone  
  84  5:40  Drone  
  87  5:43  Zergling x2, Infestation Pit  
  87  5:44  Zergling x2, Glial Reconstitution  
  87  5:45  Overseer  
  87  5:48  Overlord  
  88  5:52  Drone  
  88  5:56  Overlord  
  89  5:58  Zerg Missile Weapons Level 1  
  89  6:00  Roach x3  
  89  6:02  Overlord  
  89  6:03  Drone x2  
  97  6:09  Overlord  
  97  6:11  Overlord  
  97  6:16  Overlord  
  97  6:23  Drone x2  
  98  6:33  Swarm Host x8  
  98  6:37  Spore Crawler  
  98  6:39  Nydus Network, Extractor  
  119  6:43  Swarm Host  
  119  6:46  Drone x2  
  124  6:48  Queen  
  124  6:49  Swarm Host  
  124  6:51  Swarm Host  
  124  6:53  Overlord  
  132  6:55  Swarm Host  
  132  6:56  Zergling x2  
  132  6:57  Zergling x4  
  132  7:00  Overlord  
  138  7:02  Roach x2  
  138  7:05  Roach  
  138  7:06  Overlord  
  144  7:10  Roach x2  
  144  7:13  Roach x2  
  152  7:15  Overlord  
  152  7:17  Nydus Canal  
  152  7:23  Roach x2  
  152  7:24  Hydralisk Den  
  152  7:27  Roach x2  
  152  7:28  Overlord  
  158  7:31  Zergling x4  
  158  7:33  Roach  
  158  7:35  Nydus Canal  
  158  7:36  Roach  
  160  7:41  Roach x3  
  165  7:46  Zergling x2, Roach x2  
  165  7:47  Zergling x2  
  165  7:49  Roach x2  
  174  7:52  Zergling x2  
  174  7:53  Zergling x4  
  174  7:56  Roach x2  
  180  7:59  Roach x2  
  180  8:00  Zergling x2  
  180  8:05  Hive  
  181  8:08  Overseer  
  181  8:11  Lurker Den, Zerg Missile Weapons Level 2  
  180  8:14  Zergling x6  
  180  8:19  Drone x4  
  187  8:21  Grooved Spines, Extractor  
  187  8:24  Drone x2  
  187  8:25  Zergling x2  
  187  8:26  Zergling x4  
  188  8:28  Zergling x4  
  188  8:32  Zergling x6  
  175  8:35  Zergling x6  
  169  8:45  Hydralisk x4, Drone  
  178  8:49  Hydralisk x2  
  178  8:54  Hydralisk x2  
  181  8:59  Nydus Canal  
  181  9:00  Hydralisk x2  
  181  9:01  Hydralisk  
  186  9:04  Hydralisk  
  186  9:06  Hydralisk  
  187  9:10  Hydralisk x2  
  187  9:14  Pneumatized Carapace  
  187  9:17  Seismic Spines, Muscular Augments  
  191  9:23  Lurker x2  
  193  9:24  Lurker  
  193  9:25  Zergling x2  
  193  9:26  Zergling x8  
  193  9:28  Nydus Canal  
  199  9:33  Lurker  
  199  9:36  Zergling x2  
  199  9:38  Lurker  
  199  9:44  Spine Crawler  
  197  9:45  Lurker  
  197  9:46  Lurker  
  193  9:53  Nydus Canal  
  193  9:56  Lurker  
  193  9:57  Zergling x6, Spine Crawler  
  196  10:05  Hydralisk x4  
  196  10:06  Zergling x2  
  197  10:14  Zergling x6  
  197  10:16  Spire  
  199  10:21  Hatchery  
  199  10:23  Extractor  
  199  10:24  Zergling x8  
  200  10:30  Hydralisk  
  200  10:32  Overseer  
  200  10:33  Zergling x8  
  199  10:37  Hydralisk x2  
  199  10:39  Zergling x6  
  199  10:41  Nydus Canal  
  199  10:42  Zergling x2  
  199  10:43  Zergling x4  
  199  10:45  Hydralisk  
  199  10:47  Zergling x2  
  199  10:48  Zergling x10  
  193  10:50  Zergling x12  
  193  10:53  Lurker x2  
  193  10:56  Hydralisk x2  
  188  10:59  Hydralisk  
  188  11:03  Zergling x8  
  190  11:14  Hydralisk  
  190  11:15  Hydralisk x4  
  190  11:17  Hydralisk  
  195  11:24  Nydus Canal  
  185  11:26  Hydralisk x2  
  185  11:30  Zergling x8  
  179  11:50  Unknown  
Show
View Real Time Build Order
Export as new Build Order

Zoun Protoss 

Build Orders: 1 Gate Expand, Oracle Opening, Phoenix Opening 

Get SALT Encoding   

  12  0:00  Probe  
  13  0:12  Probe  
  14  0:17  Pylon  
  14  0:24  Probe  
  15  0:32  Probe  
  15  0:36  Gateway  
  15  0:40  Probe  
  16  0:45  Assimilator  
  17  0:51  Probe  
  18  1:03  Probe  
  19  1:15  Probe  
  20  1:25  Nexus  
  20  1:36  Cybernetics Core  
  20  1:38  Probe  
  21  1:44  Assimilator  
  21  1:51  Probe  
  21  1:53  Pylon  
  22  2:02  Adept  
  22  2:03  Probe  
  23  2:15  Probe  
  26  2:17  Stargate  
  26  2:25  Warp Gate  
  26  2:27  Probe  
  27  2:32  Adept  
  27  2:34  Probe  
  27  2:35  Probe  
  29  2:42  Probe  
  29  2:43  Probe  
  32  2:52  Probe  
  33  3:00  Probe  
  33  3:01  Phoenix  
  33  3:05  Probe  
  37  3:10  Adept  
  37  3:12  Probe  
  40  3:16  Pylon  
  40  3:17  Gateway  
  40  3:20  Probe  
  40  3:21  Oracle  
  40  3:24  Probe  
  42  3:32  Probe  
  46  3:37  Probe  
  47  3:44  Probe  
  48  3:51  Nexus  
  48  3:54  Pylon  
  48  3:56  Probe  
  48  3:59  Probe  
  48  4:02  Oracle  
  53  4:08  Probe  
  54  4:10  Assimilator  
  54  4:12  Probe  
  54  4:16  Shield Battery  
  55  4:17  Assimilator  
  55  4:20  Probe  
  56  4:24  Probe  
  56  4:26  Twilight Council  
  57  4:32  Probe  
  57  4:36  Stalker x2  
  62  4:44  Pylon  
  62  4:50  Gateway  
  62  4:52  Gateway  
  62  4:53  Blink  
  62  4:57  Pylon  
  62  5:01  Probe x2  
  62  5:03  Probe  
  65  5:09  Probe x2  
  65  5:11  Probe  
  65  5:13  Forge  
  67  5:17  Probe  
  67  5:19  Gateway  
  69  5:22  Gateway  
  69  5:24  Probe  
  69  5:26  Stalker  
  72  5:29  Probe  
  72  5:31  Probe  
  74  5:36  Probe, Stalker  
  74  5:41  Probe  
  78  5:43  Probe  
  78  5:45  Pylon, Protoss Ground Weapons Level 1  
  79  5:50  Templar Archives  
  79  5:52  Probe  
  79  5:53  Robotics Facility  
  80  5:58  Probe x2  
  80  6:00  Assimilator  
  80  6:02  Pylon, Assimilator  
  82  6:04  Probe  
  82  6:07  Psionic Storm  
  82  6:10  Probe x2  
  85  6:13  Pylon  
  85  6:16  Probe  
  86  6:20  Stalker  
  86  6:21  Stalker  
  86  6:22  Probe  
  86  6:24  Gateway  
  86  6:25  Gateway  
  91  6:36  High Templar x2  
  91  6:39  Probe  
  96  6:40  Probe, Photon Cannon  
  96  6:45  High Templar  
  99  6:47  Observer  
  99  6:48  Pylon  
  99  6:49  Stalker  
  102  6:56  Stalker  
  102  7:01  Shield Battery  
  104  7:05  Stalker  
  106  7:09  Pylon  
  106  7:10  Stalker x2  
  110  7:28  Stalker x5  
  110  7:29  Stalker  
  122  7:35  Nexus  
  122  7:36  Pylon  
  122  7:45  Fleet Beacon  
  122  7:46  Pylon  
  122  7:48  Stargate  
  122  7:49  Probe  
  123  7:54  Probe  
  123  7:55  Probe  
  123  7:57  Shield Battery, Stalker x3  
  125  7:58  Photon Cannon  
  125  8:02  Probe  
  124  8:06  Probe  
  124  8:07  Shield Battery, Probe  
  126  8:13  Stalker x3  
  126  8:14  Probe  
  133  8:22  Stalker x2  
  133  8:23  Stalker  
  133  8:27  Probe  
  128  8:36  Probe  
  128  8:38  Probe  
  128  8:40  Stalker x3, High Templar  
  132  8:47  Probe  
  133  8:48  Probe  
  134  8:57  Probe  
  134  8:58  Probe  
  134  8:59  Probe  
  134  9:00  Probe  
  138  9:04  Observer, Stalker x5  
  138  9:09  Photon Cannon  
  148  9:12  Tempest  
  148  9:16  Charge  
  152  9:20  Probe  
  152  9:23  Probe x3  
  156  9:26  Assimilator x2  
  156  9:33  Probe  
  156  9:34  Stalker  
  156  9:35  Zealot x2  
  163  9:42  Assimilator  
  163  9:44  Pylon  
  163  9:46  Pylon x2  
  163  9:56  Pylon x2  
  163  10:02  Tempest  
  163  10:06  Tempest  
  169  10:11  Zealot x3  
  169  10:12  Zealot x3  
  179  10:20  Shield Battery, Photon Cannon  
  179  10:21  Photon Cannon  
  167  10:36  Probe  
  167  10:37  Probe  
  167  10:39  Zealot x7  
  158  10:45  Stalker, Tempest  
  158  10:49  Tempest  
  150  11:02  Probe x2  
  141  11:07  Zealot x6  
  141  11:08  Zealot  
  154  11:11  Probe  
  154  11:16  High Templar  
  110  11:32  Zealot x4  
  110  11:33  Zealot x3  
  110  11:35  Observer  
  110  11:37  Probe  
  110  11:38  Probe x2  
Tags
 
Add a new tag
Caveats
  • Supply blocks, unpowered buildings, or Contaminate may cause inaccurate times.
  • Supply counts are checked every 10 seconds.